Sharks vs Blues

Created - March 22 2011 at 18:07

Goals
1 2 3 T
Sharks 1 0 0 1
Blues 1 2 0 3
Shots
1 2 3 T
Sharks 6 9 10 25
Blues 6 7 6 19

Period #1

1. Blues , Kristian Huselius 25 (Brian Pothier, Jussi Jokinen) at 8:08 (PP)
2. Sharks , Eric Brewer 3 (Jarret Stoll, Martin Brodeur) at 15:06 (PP)

Penalties :
Dennis Wideman (STL) for Interference (Minor) at 1:08, Dennis Wideman (STL) for Boarding (Minor) at 6:07, Francois Beauchemin (SJS) for Tripping (Minor) at 6:55, Jarret Stoll (SJS) for Roughing (Minor) at 9:18, Daymond Langkow (STL) for Boarding (Minor) at 13:41, Shane OBrien (SJS) for Interference (Minor) at 16:28

Period #2

3. Blues , Todd Bertuzzi 9 (Jay McKee, Saku Koivu) at 4:46
4. Blues , Daymond Langkow 6 (Robyn Regehr, Mike Comrie) at 19:16

Penalties :
Shane OBrien (SJS) for Holding (Minor) at 11:46, Robyn Regehr (STL) for Goalie Interference (Minor) at 14:38, Robyn Regehr (STL) for Elbowing (Minor) at 16:55

Period #3

No Goal

Penalties :
Milan Jurcina (STL) for Hooking (Minor) at 2:35, Jussi Jokinen (STL) for Hooking (Minor) at 9:45, Jay McKee (STL) for Fighting (Major) at 12:06, Jack Skille (SJS) for Fighting (Major) at 12:06

Goalie Stats

Martin Brodeur (SJS), 16 saves from 19 shots - (0.842), L, 20-32-5, 60:00 minutes
Jonathan Quick (STL), 24 saves from 25 shots - (0.960), W, 29-34-3, 60:00 minutes

Players Stats

Sharks
Player Name              G  A  P  +/- PIM S  H  SB FO    MP 
------------------------------------------------------------
Alex Tanguay             0  0  0   0  0   2  1  0  2/5   17 
Blake Comeau             0  0  0   0  0   3  3  0  1/4   20 
Brad Staubitz            0  0  0  -1  0   0  1  0  0/0   11 
Bryan McCabe             0  0  0  -1  0   3  3  2  0/0   24 
Dainius Zubrus           0  0  0  -1  0   2  0  0  0/0   12 
Doug Weight              0  0  0   0  0   0  0  0  1/4   6  
Eric Belanger            0  0  0  -1  0   1  0  1  2/8   12 
Eric Brewer              1  0  1  -1  0   1  1  3  0/0   16 
Erik Christensen         0  0  0   0  0   2  0  0  1/2   14 
Francois Beauchemin      0  0  0  -1  2   0  0  1  0/0   24 
Jack Skille              0  0  0  -1  5   1  1  0  0/0   15 
Jarret Stoll             0  1  1   0  2   4  3  0  17/27 18 
Johnny Boychuk           0  0  0   0  0   2  3  2  0/0   22 
Marc Savard              0  0  0   0  0   2  0  0  9/23  21 
Marek Zidlicky           0  0  0   0  0   1  0  0  0/0   22 
Shane Doan               0  0  0  -1  0   1  2  0  2/5   19 
Shane OBrien             0  0  0  -1  4   0  2  0  0/0   7  
Tom Kostopoulos          0  0  0  -1  0   0  2  0  0/1   12 
Blues
Player Name              G  A  P  +/- PIM S  H  SB FO    MP 
------------------------------------------------------------
Alexander Frolov         0  0  0   0  0   1  0  0  2/3   16 
Brian Pothier            0  1  1   1  0   1  3  1  0/0   19 
Chris Kunitz             0  0  0   0  0   0  2  0  1/1   15 
Dan Sexton               0  0  0   1  0   0  0  0  0/0   7  
Daymond Langkow          1  0  1   1  2   3  1  0  12/22 18 
Dennis Wideman           0  0  0   0  4   1  0  1  0/0   17 
Jay McKee                0  1  1   1  5   0  0  0  0/0   17 
Jean-Pierre Dumont       0  0  0   0  0   1  2  0  2/2   10 
Jussi Jokinen            0  1  1   0  2   2  1  0  7/13  11 
Kristian Huselius        1  0  1   0  0   2  0  0  0/0   16 
Matthew Lombardi         0  0  0   0  0   1  0  0  6/15  17 
Mike Comrie              0  1  1   1  0   0  1  0  0/0   7  
Milan Jurcina            0  0  0   1  2   0  4  1  0/0   16 
Robyn Regehr             0  1  1   1  4   1  3  0  0/0   19 
Saku Koivu               0  1  1   1  0   2  0  0  13/22 21 
Scott Niedermayer        0  0  0   0  0   2  0  1  0/0   25 
Steve Ott                0  0  0   1  0   1  1  0  0/0   20 
Todd Bertuzzi            1  0  1   1  0   1  1  0  1/1   16 

3 Stars

1 - Jonathan Quick (STL)
2 - Todd Bertuzzi (STL)
3 - Brian Pothier (STL)

Power Play

Sharks - 1 on 7 Attempt(s) - 14.29%
Blues - 1 on 4 Attempt(s) - 25.00%

Penalty Kill

Sharks - 3 on 4 Attempt(s) - 75.00% - Score 0 goal in Penalty Kill
Blues - 6 on 7 Attempt(s) - 85.71% - Score 0 goal in Penalty Kill

Game Notes

Jay McKee and Jack Skille fight to a draw at 12:06 of 3rd period

Finance

Level 1 -- Attendance: 6500 (100.00%) -- Ticket Income $390,000.00
Level 2 -- Attendance: 5000 (100.00%) -- Ticket Income $150,000.00
Level 3 -- Attendance: 3488 (99.66%) -- Ticket Income $87,200.00
Level 4 -- Attendance: 2950 (97.62%) -- Ticket Income $44,250.00
Luxury Box -- Attendance: 1000 (100.00%) -- Ticket Income $120,000.00
Game was played at the Scottrade Center
Total Attendance: 18938 (99.56%)
Total Ticket Income: $822,932.90
Other Income: $209,452.80
Total Income: $1,032,386.00


Play by Play

Period #1

0:01 of 1st period - Alexander Frolov wins face-off versus Jarret Stoll in neutral zone.
0:51 of 1st period - Icing by Scott Niedermayer.
0:52 of 1st period - Matthew Lombardi wins face-off versus Marc Savard in Blues zone.
1:08 of 1st period - Minor Penalty to Dennis Wideman for Interference.
1:09 of 1st period - Daymond Langkow wins face-off versus Marc Savard in Blues zone.
1:26 of 1st period - Shot by Marek Zidlicky.
1:26 of 1st period - Stopped by Jonathan Quick without a rebound.
1:27 of 1st period - Jarret Stoll wins face-off versus Saku Koivu in Blues zone.
1:49 of 1st period - Off-side.
1:50 of 1st period - Saku Koivu wins face-off versus Alex Tanguay in neutral zone.
2:44 of 1st period - Icing by Johnny Boychuk.
2:45 of 1st period - Saku Koivu wins face-off versus Jarret Stoll in Sharks zone.
2:45 of 1st period - Scott Niedermayer is hit by Johnny Boychuk and loses puck.
3:17 of 1st period - Icing by Eric Brewer.
3:18 of 1st period - Matthew Lombardi wins face-off versus Marc Savard in Sharks zone.
3:18 of 1st period - Dennis Wideman is hit by Eric Brewer.
4:06 of 1st period - Scott Niedermayer is hit by Tom Kostopoulos and loses puck.
4:28 of 1st period - Icing by Jay McKee.
4:29 of 1st period - Saku Koivu wins face-off versus Eric Belanger in Blues zone.
5:42 of 1st period - Shot by Marek Zidlicky.
5:42 of 1st period - Shot Misses the Net.
6:05 of 1st period - Icing by Dennis Wideman.
6:06 of 1st period - Jarret Stoll wins face-off versus Jussi Jokinen in Blues zone.
6:06 of 1st period - Jarret Stoll is hit by Robyn Regehr.
6:07 of 1st period - Minor Penalty to Dennis Wideman for Boarding.
6:08 of 1st period - Jarret Stoll wins face-off versus Daymond Langkow in Blues zone.
6:09 of 1st period - Shot by Eric Brewer.
6:09 of 1st period - Shot Misses the Net.
6:11 of 1st period - Shot by Bryan McCabe.
6:11 of 1st period - Stopped by Jonathan Quick without a rebound.
6:12 of 1st period - Jarret Stoll wins face-off versus Daymond Langkow in Blues zone.
6:27 of 1st period - Shot by Jarret Stoll.
6:27 of 1st period - Stopped by Jonathan Quick without a rebound.
6:28 of 1st period - Daymond Langkow wins face-off versus Jarret Stoll in Blues zone.
6:36 of 1st period - Off-side.
6:37 of 1st period - Alex Tanguay wins face-off versus Daymond Langkow in neutral zone.
6:54 of 1st period - Icing by Marc Savard.
6:55 of 1st period - Saku Koivu wins face-off versus Marc Savard in Sharks zone.
6:55 of 1st period - Minor Penalty to Francois Beauchemin for Tripping.
6:56 of 1st period - Jarret Stoll wins face-off versus Matthew Lombardi in Sharks zone.
7:04 of 1st period - Johnny Boychuk is hit by Robyn Regehr and loses puck.
7:09 of 1st period - Shot by Jack Skille.
7:09 of 1st period - Stopped by Jonathan Quick with a rebound.
7:42 of 1st period - Marc Savard is hit by Brian Pothier.
8:00 of 1st period - Shot by Jussi Jokinen.
8:00 of 1st period - Shot Blocked by Eric Brewer.
8:04 of 1st period - Shot by Kristian Huselius.
8:04 of 1st period - Shot Misses the Net.
8:08 of 1st period - Shot by Kristian Huselius.
8:08 of 1st period - Goal by Kristian Huselius - Sharks : 0 - Blues : 1.
8:09 of 1st period - Shane Doan wins face-off versus Daymond Langkow in neutral zone.
9:05 of 1st period - Shot by Saku Koivu.
9:05 of 1st period - Stopped by Martin Brodeur without a rebound.
9:06 of 1st period - Jarret Stoll wins face-off versus Matthew Lombardi in Sharks zone.
9:18 of 1st period - Minor Penalty to Jarret Stoll for Roughing.
9:19 of 1st period - Jussi Jokinen wins face-off versus Alex Tanguay in Sharks zone.
10:15 of 1st period - Chris Kunitz is hit by Alex Tanguay and loses puck.
11:17 of 1st period - Shot by Matthew Lombardi.
11:17 of 1st period - Shot Misses the Net.
13:01 of 1st period - Shot by Alex Tanguay.
13:01 of 1st period - Shot Misses the Net.
13:38 of 1st period - Icing by Blake Comeau.
13:39 of 1st period - Jarret Stoll wins face-off versus Daymond Langkow in Sharks zone.
13:41 of 1st period - Minor Penalty to Daymond Langkow for Boarding.
13:42 of 1st period - Doug Weight wins face-off versus Saku Koivu in Blues zone.
14:03 of 1st period - Shot by Johnny Boychuk.
14:03 of 1st period - Stopped by Jonathan Quick with a rebound.
14:27 of 1st period - Alex Tanguay is hit by Jean-Pierre Dumont and loses puck.
15:06 of 1st period - Shot by Eric Brewer.
15:06 of 1st period - Goal by Eric Brewer - Sharks : 1 - Blues : 1.
15:07 of 1st period - Saku Koivu wins face-off versus Marc Savard in neutral zone.
15:17 of 1st period - Eric Brewer is hit by Todd Bertuzzi and loses puck.
15:47 of 1st period - Icing by Steve Ott.
15:48 of 1st period - Saku Koivu wins face-off versus Eric Belanger in Blues zone.
16:28 of 1st period - Minor Penalty to Shane OBrien for Interference.
16:29 of 1st period - Jarret Stoll wins face-off versus Jussi Jokinen in Sharks zone.
16:52 of 1st period - Shot by Brian Pothier.
16:52 of 1st period - Stopped by Martin Brodeur with a rebound.
16:54 of 1st period - Shot by Alexander Frolov.
16:54 of 1st period - Stopped by Martin Brodeur without a rebound.
16:55 of 1st period - Marc Savard wins face-off versus Matthew Lombardi in Sharks zone.
17:26 of 1st period - Shot by Jean-Pierre Dumont.
17:26 of 1st period - Stopped by Martin Brodeur without a rebound.
17:27 of 1st period - Jussi Jokinen wins face-off versus Shane Doan in Sharks zone.
17:30 of 1st period - Shot by Scott Niedermayer.
17:30 of 1st period - Stopped by Martin Brodeur without a rebound.
17:31 of 1st period - Jussi Jokinen wins face-off versus Marc Savard in Sharks zone.
18:22 of 1st period - Shot by Chris Kunitz.
18:22 of 1st period - Shot Blocked by Bryan McCabe.
18:24 of 1st period - Shot by Jean-Pierre Dumont.
18:24 of 1st period - Shot Misses the Net.
19:23 of 1st period - Shot by Dainius Zubrus.
19:23 of 1st period - Deflect By Eric Belanger.
19:23 of 1st period - Shot Blocked by Milan Jurcina.

Period #2

0:01 of 2nd period - Jarret Stoll wins face-off versus Matthew Lombardi in neutral zone.
0:01 of 2nd period - Bryan McCabe is hit by Chris Kunitz and loses puck.
0:36 of 2nd period - Shot by Jarret Stoll.
0:36 of 2nd period - Stopped by Jonathan Quick with a rebound.
0:38 of 2nd period - Shot by Blake Comeau.
0:38 of 2nd period - Deflect By Jarret Stoll.
0:38 of 2nd period - Stopped by Jonathan Quick without a rebound.
0:39 of 2nd period - Marc Savard wins face-off versus Jussi Jokinen in Blues zone.
1:23 of 2nd period - Icing by Francois Beauchemin.
1:24 of 2nd period - Marc Savard wins face-off versus Saku Koivu in Sharks zone.
3:12 of 2nd period - Shot by Jussi Jokinen.
3:12 of 2nd period - Shot Misses the Net.
3:14 of 2nd period - Shot by Jussi Jokinen.
3:14 of 2nd period - Stopped by Martin Brodeur with a rebound.
3:16 of 2nd period - Shot by Jean-Pierre Dumont.
3:16 of 2nd period - Shot Misses the Net.
3:20 of 2nd period - Shot by Kristian Huselius.
3:20 of 2nd period - Shot Blocked by Francois Beauchemin.
3:22 of 2nd period - Shot by Kristian Huselius.
3:22 of 2nd period - Stopped by Martin Brodeur without a rebound.
3:23 of 2nd period - Erik Christensen wins face-off versus Daymond Langkow in Sharks zone.
4:02 of 2nd period - Alex Tanguay is hit by Daymond Langkow and loses puck.
4:26 of 2nd period - Shot by Alex Tanguay.
4:26 of 2nd period - Stopped by Jonathan Quick without a rebound.
4:27 of 2nd period - Saku Koivu wins face-off versus Eric Belanger in Blues zone.
4:41 of 2nd period - Saku Koivu is hit by Shane OBrien and loses puck.
4:46 of 2nd period - Shot by Todd Bertuzzi.
4:46 of 2nd period - Goal by Todd Bertuzzi - Sharks : 1 - Blues : 2.
4:47 of 2nd period - Jarret Stoll wins face-off versus Matthew Lombardi in neutral zone.
4:58 of 2nd period - Shot by Shane Doan.
4:58 of 2nd period - Shot Blocked by Dennis Wideman.
5:02 of 2nd period - Shot by Jarret Stoll.
5:02 of 2nd period - Shot Misses the Net.
5:07 of 2nd period - Icing by Brian Pothier.
5:08 of 2nd period - Chris Kunitz wins face-off versus Marc Savard in Blues zone.
5:08 of 2nd period - Chris Kunitz is hit by Tom Kostopoulos.
5:28 of 2nd period - Shot by Matthew Lombardi.
5:28 of 2nd period - Deflect By Chris Kunitz.
5:28 of 2nd period - Shot Misses the Net.
6:08 of 2nd period - Shot by Dainius Zubrus.
6:08 of 2nd period - Stopped by Jonathan Quick with a rebound.
6:10 of 2nd period - Shot by Jack Skille.
6:10 of 2nd period - Shot Misses the Net.
6:14 of 2nd period - Shot by Eric Belanger.
6:14 of 2nd period - Stopped by Jonathan Quick without a rebound.
6:15 of 2nd period - Saku Koivu wins face-off versus Erik Christensen in Blues zone.
6:15 of 2nd period - Saku Koivu is hit by Jarret Stoll.
6:48 of 2nd period - Eric Brewer is hit by Milan Jurcina and loses puck.
7:28 of 2nd period - Shot by Scott Niedermayer.
7:28 of 2nd period - Shot Blocked by Eric Belanger.
7:30 of 2nd period - Shot by Mike Comrie.
7:30 of 2nd period - Shot Blocked by Bryan McCabe.
7:34 of 2nd period - Shot by Daymond Langkow.
7:34 of 2nd period - Shot Blocked by Johnny Boychuk.
7:36 of 2nd period - Shot by Dan Sexton.
7:36 of 2nd period - Shot Misses the Net.
7:40 of 2nd period - Shot by Daymond Langkow.
7:40 of 2nd period - Shot Misses the Net.
7:48 of 2nd period - Shot by Daymond Langkow.
7:48 of 2nd period - Stopped by Martin Brodeur without a rebound.
7:49 of 2nd period - Marc Savard wins face-off versus Jussi Jokinen in Sharks zone.
7:51 of 2nd period - Icing by Francois Beauchemin.
7:52 of 2nd period - Jussi Jokinen wins face-off versus Marc Savard in Sharks zone.
8:31 of 2nd period - Off-side.
8:32 of 2nd period - Blake Comeau wins face-off versus Matthew Lombardi in neutral zone.
8:54 of 2nd period - Icing by Francois Beauchemin.
8:55 of 2nd period - Saku Koivu wins face-off versus Blake Comeau in Sharks zone.
9:04 of 2nd period - Shot by Steve Ott.
9:04 of 2nd period - Stopped by Martin Brodeur without a rebound.
9:05 of 2nd period - Saku Koivu wins face-off versus Jarret Stoll in Sharks zone.
9:23 of 2nd period - Icing by Johnny Boychuk.
9:24 of 2nd period - Daymond Langkow wins face-off versus Jarret Stoll in Sharks zone.
9:27 of 2nd period - Shot by Daymond Langkow.
9:27 of 2nd period - Shot Blocked by Johnny Boychuk.
11:15 of 2nd period - Shot by Matthew Lombardi.
11:15 of 2nd period - Shot Misses the Net.
11:17 of 2nd period - Shot by Scott Niedermayer.
11:17 of 2nd period - Stopped by Martin Brodeur without a rebound.
11:18 of 2nd period - Jarret Stoll wins face-off versus Jussi Jokinen in Sharks zone.
11:18 of 2nd period - Jarret Stoll is hit by Jean-Pierre Dumont.
11:46 of 2nd period - Minor Penalty to Shane OBrien for Holding.
11:47 of 2nd period - Marc Savard wins face-off versus Matthew Lombardi in Sharks zone.
11:47 of 2nd period - Marc Savard is hit by Chris Kunitz.
14:20 of 2nd period - Shot by Marc Savard.
14:20 of 2nd period - Stopped by Jonathan Quick without a rebound.
14:21 of 2nd period - Daymond Langkow wins face-off versus Eric Belanger in Blues zone.
14:38 of 2nd period - Minor Penalty to Robyn Regehr for Goalie Interference.
14:39 of 2nd period - Jarret Stoll wins face-off versus Daymond Langkow in Blues zone.
14:39 of 2nd period - Jarret Stoll is hit by Brian Pothier.
14:41 of 2nd period - Shot by Erik Christensen.
14:41 of 2nd period - Stopped by Jonathan Quick without a rebound.
14:42 of 2nd period - Jean-Pierre Dumont wins face-off versus Blake Comeau in Blues zone.
14:53 of 2nd period - Shot by Blake Comeau.
14:53 of 2nd period - Stopped by Jonathan Quick without a rebound.
14:54 of 2nd period - Jarret Stoll wins face-off versus Saku Koivu in Blues zone.
15:41 of 2nd period - Icing by Marek Zidlicky.
15:42 of 2nd period - Daymond Langkow wins face-off versus Marc Savard in Sharks zone.
16:29 of 2nd period - Icing by Marc Savard.
16:30 of 2nd period - Daymond Langkow wins face-off versus Marc Savard in Sharks zone.
16:55 of 2nd period - Minor Penalty to Robyn Regehr for Elbowing.
16:56 of 2nd period - Jarret Stoll wins face-off versus Saku Koivu in Blues zone.
17:09 of 2nd period - Shot by Bryan McCabe.
17:09 of 2nd period - Shot Misses the Net.
17:11 of 2nd period - Shot by Blake Comeau.
17:11 of 2nd period - Stopped by Jonathan Quick without a rebound.
17:12 of 2nd period - Daymond Langkow wins face-off versus Jarret Stoll in Blues zone.
17:44 of 2nd period - Daymond Langkow is hit by Blake Comeau and loses puck.
18:56 of 2nd period - Icing by Jay McKee.
18:57 of 2nd period - Shane Doan wins face-off versus Daymond Langkow in Blues zone.
19:16 of 2nd period - Shot by Daymond Langkow.
19:16 of 2nd period - Goal by Daymond Langkow - Sharks : 1 - Blues : 3.
19:17 of 2nd period - Eric Belanger wins face-off versus Saku Koivu in neutral zone.
19:47 of 2nd period - Dainius Zubrus is hit by Milan Jurcina and loses puck.

Period #3

0:01 of 3rd period - Matthew Lombardi wins face-off versus Jarret Stoll in neutral zone.
0:01 of 3rd period - Brian Pothier is hit by Jarret Stoll and loses puck.
0:49 of 3rd period - Icing by Brian Pothier.
0:50 of 3rd period - Alexander Frolov wins face-off versus Shane Doan in Blues zone.
1:21 of 3rd period - Shot by Dennis Wideman.
1:21 of 3rd period - Stopped by Martin Brodeur without a rebound.
1:22 of 3rd period - Saku Koivu wins face-off versus Eric Belanger in Sharks zone.
1:22 of 3rd period - Saku Koivu is hit by Bryan McCabe.
1:31 of 3rd period - Saku Koivu is hit by Bryan McCabe and loses puck.
1:35 of 3rd period - Steve Ott is hit by Bryan McCabe and loses puck.
1:56 of 3rd period - Shot by Saku Koivu.
1:56 of 3rd period - Stopped by Martin Brodeur with a rebound.
2:14 of 3rd period - Milan Jurcina is hit by Brad Staubitz and loses puck.
2:35 of 3rd period - Minor Penalty to Milan Jurcina for Hooking.
2:36 of 3rd period - Marc Savard wins face-off versus Daymond Langkow in Blues zone.
2:41 of 3rd period - Shot by Marek Zidlicky.
2:41 of 3rd period - Shot Misses the Net.
2:45 of 3rd period - Shot by Shane Doan.
2:45 of 3rd period - Deflect By Marc Savard.
2:45 of 3rd period - Shot Misses the Net.
2:47 of 3rd period - Shot by Shane Doan.
2:47 of 3rd period - Deflect By Marc Savard.
2:47 of 3rd period - Stopped by Jonathan Quick without a rebound.
2:48 of 3rd period - Daymond Langkow wins face-off versus Jarret Stoll in Blues zone.
2:48 of 3rd period - Daymond Langkow is hit by Jarret Stoll.
3:06 of 3rd period - Shot by Erik Christensen.
3:06 of 3rd period - Shot Misses the Net.
3:08 of 3rd period - Shot by Marek Zidlicky.
3:08 of 3rd period - Shot Misses the Net.
3:10 of 3rd period - Shot by Bryan McCabe.
3:10 of 3rd period - Shot Misses the Net.
3:12 of 3rd period - Shot by Jarret Stoll.
3:12 of 3rd period - Stopped by Jonathan Quick without a rebound.
3:13 of 3rd period - Jean-Pierre Dumont wins face-off versus Marc Savard in Blues zone.
4:10 of 3rd period - Shot by Blake Comeau.
4:10 of 3rd period - Shot Misses the Net.
4:12 of 3rd period - Shot by Johnny Boychuk.
4:12 of 3rd period - Stopped by Jonathan Quick without a rebound.
4:13 of 3rd period - Daymond Langkow wins face-off versus Doug Weight in Blues zone.
4:21 of 3rd period - Off-side.
4:22 of 3rd period - Daymond Langkow wins face-off versus Doug Weight in neutral zone.
5:01 of 3rd period - Shot by Matthew Lombardi.
5:01 of 3rd period - Shot Misses the Net.
5:05 of 3rd period - Shot by Chris Kunitz.
5:05 of 3rd period - Deflect By Matthew Lombardi.
5:05 of 3rd period - Shot Blocked by Eric Brewer.
5:07 of 3rd period - Shot by Matthew Lombardi.
5:07 of 3rd period - Stopped by Martin Brodeur without a rebound.
5:08 of 3rd period - Jussi Jokinen wins face-off versus Marc Savard in Sharks zone.
5:11 of 3rd period - Shot by Kristian Huselius.
5:11 of 3rd period - Shot Hit the Post.
5:34 of 3rd period - Marc Savard is hit by Robyn Regehr and loses puck.
5:50 of 3rd period - Marek Zidlicky is hit by Milan Jurcina and loses puck.
6:17 of 3rd period - Shot by Bryan McCabe.
6:17 of 3rd period - Stopped by Jonathan Quick without a rebound.
6:18 of 3rd period - Matthew Lombardi wins face-off versus Eric Belanger in Blues zone.
6:18 of 3rd period - Matthew Lombardi is hit by Jack Skille.
7:20 of 3rd period - Shot by Robyn Regehr.
7:20 of 3rd period - Stopped by Martin Brodeur without a rebound.
7:21 of 3rd period - Marc Savard wins face-off versus Saku Koivu in Sharks zone.
7:40 of 3rd period - Shot by Saku Koivu.
7:40 of 3rd period - Shot Blocked by Eric Brewer.
7:43 of 3rd period - Icing by Francois Beauchemin.
7:44 of 3rd period - Jussi Jokinen wins face-off versus Tom Kostopoulos in Sharks zone.
7:47 of 3rd period - Shot by Kristian Huselius.
7:47 of 3rd period - Shot Misses the Net.
7:51 of 3rd period - Shot by Jussi Jokinen.
7:51 of 3rd period - Stopped by Martin Brodeur without a rebound.
7:52 of 3rd period - Alex Tanguay wins face-off versus Daymond Langkow in Sharks zone.
8:28 of 3rd period - Blake Comeau is hit by Mike Comrie.
9:21 of 3rd period - Shot by Bryan McCabe.
9:21 of 3rd period - Stopped by Jonathan Quick without a rebound.
9:22 of 3rd period - Jussi Jokinen wins face-off versus Jarret Stoll in Blues zone.
9:36 of 3rd period - Jussi Jokinen is hit by Shane OBrien and loses puck.
9:45 of 3rd period - Minor Penalty to Jussi Jokinen for Hooking.
9:46 of 3rd period - Saku Koivu wins face-off versus Alex Tanguay in Blues zone.
9:59 of 3rd period - Shot by Shane Doan.
9:59 of 3rd period - Stopped by Jonathan Quick with a rebound.
11:01 of 3rd period - Shot by Eric Brewer.
11:01 of 3rd period - Shot Blocked by Scott Niedermayer.
11:03 of 3rd period - Shot by Eric Brewer.
11:03 of 3rd period - Shot Misses the Net.
11:05 of 3rd period - Shot by Alex Tanguay.
11:05 of 3rd period - Shot Misses the Net.
11:11 of 3rd period - Shot by Alex Tanguay.
11:11 of 3rd period - Stopped by Jonathan Quick without a rebound.
11:12 of 3rd period - Daymond Langkow wins face-off versus Blake Comeau in Blues zone.
11:21 of 3rd period - Jay McKee is hit by Blake Comeau and loses puck.
11:26 of 3rd period - Shot by Erik Christensen.
11:26 of 3rd period - Stopped by Jonathan Quick without a rebound.
11:27 of 3rd period - Daymond Langkow wins face-off versus Shane Doan in Blues zone.
11:27 of 3rd period - Daymond Langkow is hit by Shane Doan.
11:45 of 3rd period - Shot by Marek Zidlicky.
11:45 of 3rd period - Shot Misses the Net.
12:06 of 3rd period - Jay McKee and Jack Skille fight to a draw.
12:06 of 3rd period - Penalty to Jay McKee for Fighting.
12:06 of 3rd period - Penalty to Jack Skille for Fighting.
12:07 of 3rd period - Todd Bertuzzi wins face-off versus Marc Savard in Sharks zone.
12:22 of 3rd period - Shot by Daymond Langkow.
12:22 of 3rd period - Stopped by Martin Brodeur without a rebound.
12:23 of 3rd period - Jarret Stoll wins face-off versus Matthew Lombardi in Sharks zone.
12:47 of 3rd period - Matthew Lombardi is hit by Johnny Boychuk and loses puck.
13:04 of 3rd period - Erik Christensen is hit by Jussi Jokinen and loses puck.
13:32 of 3rd period - Icing by Francois Beauchemin.
13:33 of 3rd period - Marc Savard wins face-off versus Saku Koivu in Sharks zone.
13:33 of 3rd period - Marc Savard is hit by Steve Ott.
13:47 of 3rd period - Off-side.
13:48 of 3rd period - Saku Koivu wins face-off versus Marc Savard in neutral zone.
14:49 of 3rd period - Shot by Shane Doan.
14:49 of 3rd period - Shot Misses the Net.
14:53 of 3rd period - Shot by Blake Comeau.
14:53 of 3rd period - Shot Misses the Net.
14:55 of 3rd period - Shot by Dainius Zubrus.
14:55 of 3rd period - Stopped by Jonathan Quick without a rebound.
14:56 of 3rd period - Eric Belanger wins face-off versus Jussi Jokinen in Blues zone.
15:10 of 3rd period - Jussi Jokinen is hit by Johnny Boychuk and loses puck.
15:51 of 3rd period - Shot by Alex Tanguay.
15:51 of 3rd period - Shot Blocked by Brian Pothier.
16:05 of 3rd period - Shot by Matthew Lombardi.
16:05 of 3rd period - Shot Misses the Net.
16:49 of 3rd period - Milan Jurcina is hit by Shane Doan and loses puck.
17:17 of 3rd period - Doug Weight is hit by Milan Jurcina and loses puck.
17:53 of 3rd period - Icing by Steve Ott.
17:54 of 3rd period - Marc Savard wins face-off versus Saku Koivu in Blues zone.
19:01 of 3rd period - Icing by Jarret Stoll.
19:02 of 3rd period - Matthew Lombardi wins face-off versus Jarret Stoll in Sharks zone.
19:10 of 3rd period - Off-side.
19:11 of 3rd period - Jarret Stoll wins face-off versus Matthew Lombardi in neutral zone.
19:14 of 3rd period - Shot by Bryan McCabe.
19:14 of 3rd period - Shot Misses the Net.
19:16 of 3rd period - Shot by Blake Comeau.
19:16 of 3rd period - Shot Hit the Post.
19:18 of 3rd period - Shot by Blake Comeau.
19:18 of 3rd period - Stopped by Jonathan Quick without a rebound.
19:19 of 3rd period - Matthew Lombardi wins face-off versus Doug Weight in Blues zone.
19:19 of 3rd period - Matthew Lombardi is hit by Blake Comeau.
19:41 of 3rd period - Icing by Scott Niedermayer.
19:42 of 3rd period - Jarret Stoll wins face-off versus Alexander Frolov in Blues zone.
19:42 of 3rd period - Bryan McCabe is hit by Brian Pothier and loses puck.


Output by the SimonT Hockey Simulator (STHS) for Stephane Roy -- Original Page W3C XHTML 1.0 Valid